 Dungeon Crawl Stone Soup version 0.30-a0-377-g5cb311bc9f (webtiles) character file.

Game seed: 8688936083933346627

784 porpoise the Skirmisher (level 7, 0/44 HPs)
             Began as a Tengu Hunter on Nov 28, 2022.
             Was an Initiate of Okawaru.
             Slain by an ogre
             ... wielding a +0 giant club
              (26 damage)
             ... on level 5 of the Dungeon.
             The game lasted 00:11:05 (4439 turns).

porpoise the Skirmisher (Tengu Hunter)              Turns: 4439, Time: 00:11:06

Health: 0/44       AC:  5    Str: 11    XL:     7   Next: 86%
Magic:  8/8        EV: 13    Int: 10    God:    Okawaru [......]
Gold:   213        SH:  5    Dex: 19    Spells: 6/6 levels left

rFire   . . .      SeeInvis +    a - +0 shortbow
rCold   . . .      Faith    .    (shield currently unavailable)
rNeg    . . .      Spirit   .    s - +0 ring mail
rPois   .          Reflect  +    (helmet restricted)
rElec   .          Harm     .    (no cloak)
rCorr   .          Rampage  .    (no gloves)
Will    .....                    (boots unavailable)
Stlth   +.........               g - amulet of reflection
HPRegen 0.27/turn                f - ring of see invisible
MPRegen 0.11/turn                (no ring)

@: flying quickly and evasively, quick
A: beak, talons 3, nimble flight
a: Renounce Religion


You were on level 5 of the Dungeon.
You worshipped Okawaru.
Okawaru was noncommittal.
You visited 2 branches of the dungeon, and saw 6 of its levels.

You collected 213 gold pieces.

Inventory:

Hand Weapons
 a - a +0 shortbow (weapon)
 b - a +1 spear of venom
 o - the +1 dagger "Badgho Adaem" {vorpal, rElec}
   (You found it on level 2 of the Dungeon)

   It inflicts extra damage upon your enemies.
   rElec:     It insulates you from electricity.
 q - a +1 short sword of holy wrath
Missiles
 m - 16 poisoned darts
Armour
 s - a +0 ring mail (worn)
Jewellery
 f - a ring of see invisible (left hand)
 g - an amulet of reflection (around neck)
Wands
 t - a wand of light (7)
Scrolls
 c - 2 scrolls of teleportation {unknown}
 d - a scroll of immolation
 h - 4 scrolls of enchant weapon {unknown}
 i - 3 scrolls of fear {unknown}
 k - a scroll of brand weapon {unknown}
 n - 2 scrolls of identify {unknown}
 r - a scroll of poison {unknown}
 v - a scroll of blinking {unknown}
 w - a scroll of amnesia {unknown}
Potions
 e - a potion of curing
 j - a potion of lignification {unknown}
 l - 2 potions of might
 p - 4 potions of attraction {unknown}
 u - a potion of degeneration {unknown}


   Skills:
 + Level 5.2 Fighting
 * Level 8.8 Ranged Weapons
 - Level 2.1 Dodging
 - Level 1.0 Stealth


You had 6 spell levels left.
You didn't know any spells.
Your spell library contained the following spells:

 Spells                   Type           Power      Damage    Failure   Level
 Cigotuvi's Dreadful Rot  Necr/Pois/Air  0%         N/A       80%         2
 Poisonous Vapours        Pois/Air       0%         N/A       80%         2
 Gell's Gravitas          Tloc           0%         N/A       95%         3
 Hailstorm                Conj/Ice       0%         3d3       95%         3
 Lesser Beckoning         Tloc           0%         N/A       95%         3
 Mephitic Cloud           Conj/Pois/Air  0%         N/A       95%         3
 Teleport Other           Tloc           0%         N/A       95%         3
 Ice Form                 Ice/Tmut       0%         N/A       100%        4
 Simulacrum               Ice/Necr       Unusable   N/A       N/A         6

Dungeon Overview and Level Annotations

Branches:
Dungeon (5/15)             Temple (1/1) D:4

Altars:
Ashenzari
Cheibriados
Elyvilon
Hepliaklqana
Kikubaaqudgha
Nemelex Xobeh
Okawaru
Qazlal
Ru
Sif Muna
Trog
Vehumet
Wu Jian
Xom
Yredelemnul
Zin
The Shining One


Innate Abilities, Weirdness & Mutations

You have a beak for a mouth.
You have claws for feet.
Your magical nature lets you fly swiftly and evasively.


Message History

The ogre hits you with a +0 giant spiked club.
You shoot an arrow. The arrow hits the ogre!
You kill the ogre!
Okawaru accepts your kill. The scorpion closely misses you.
Your Fighting skill increases to level 5!
You shoot an arrow. The arrow hits the scorpion.
The scorpion is moderately wounded.
You block the scorpion's attack.
You shoot an arrow. The arrow hits the scorpion!
The scorpion is severely wounded.
The scorpion stings you but does no damage.
The scorpion stings you.
You shoot an arrow. The arrow hits the scorpion.
The scorpion is almost dead.
The scorpion completely misses you.
You shoot an arrow.
The arrow hits the scorpion but does no damage.
The scorpion is almost dead.
The scorpion completely misses you. The scorpion stings you.
You shoot an arrow.
The arrow hits the scorpion but does no damage.
The scorpion is almost dead.
The scorpion misses you.
You shoot an arrow.
The arrow hits the scorpion but does no damage.
The scorpion is almost dead.
The scorpion stings you but does no damage.
The scorpion misses you.
You shoot an arrow. The arrow hits the scorpion.
You kill the scorpion!
Okawaru accepts your kill.
You shoot an arrow. The arrow hits the ogre!
The ogre is moderately wounded.
The ogre closely misses you.
You shoot an arrow. The arrow barely misses the ogre.
The arrow hits the ogre.
The ogre is lightly wounded.
The ogre hits you with a +0 giant club!!
Ouch! That really hurt!
You die...

#♣~.
#.....######
... ##.#####
#.## ##.##
#.###.##
#.#####....##
#.........##
#######.###
#.##########
#..OO@.....#
#..#######.#
#..# #..#
...O. #..#...
####..~~
#.~..~
~~~..s.


You could see 2 ogres.

Vanquished Creatures
  Duvessa (D:4)
  A black bear (D:5)
  An ogre (D:5)
  A phantom (D:5)
  A scorpion (D:5)
  Dowan (D:4)
  A hound (D:4)
  An iguana (D:4)
  2 orc wizards (D:3)
  Robin (D:4)
  4 gnolls (D:3)
  6 adders
  A shadow imp (D:5)
  3 worms
  5 dart slugs
  7 orcs
  9 ball pythons
  4 endoplasms
  7 giant cockroaches
  15 goblins
  7 hobgoblins
  9 jackals
  A quokka (D:1)
  2 bats (D:2)
  5 frilled lizards
  6 kobolds
  6 rats
108 creatures vanquished.

Notes
Turn   | Place    | Note
-------+----------+-------------------------------------------
     0 | D:1      | porpoise the Tengu Hunter began the quest for the Orb.
     0 | D:1      | Reached XP level 1. HP: 12/12 MP: 2/2
    60 | D:1      | Reached XP level 2. HP: 17/17 MP: 3/3
   292 | D:1      | Reached skill level 5 in Ranged Weapons
   467 | D:1      | Reached XP level 3. HP: 17/22 MP: 4/4
   821 | D:1      | Found a faded altar of an unknown god.
  1290 | D:2      | Reached XP level 4. HP: 27/27 MP: 5/5
  1609 | D:2      | Identified the +1 dagger "Badgho Adaem" {vorpal, rElec}
  2049 | D:3      | Reached skill level 6 in Ranged Weapons
  2049 | D:3      | Gained mutation: Your magical nature lets you fly swiftly
                  | and evasively. [Tengu growth]
  2049 | D:3      | Reached XP level 5. HP: 30/32 MP: 6/6
  2667 | D:3      | Reached XP level 6. HP: 37/38 MP: 7/7
  2865 | D:4      | Noticed Duvessa
  2865 | D:4      | Noticed Dowan
  2909 | D:4      | Found a staircase to the Ecumenical Temple.
  2922 | D:4      | Killed Duvessa
  2923 | D:4      | Reached skill level 7 in Ranged Weapons
  3038 | D:4      | Killed Dowan
  3061 | Temple   | Entered the Ecumenical Temple
  3199 | Temple   | Became a worshipper of Warmaster Okawaru
  3368 | D:4      | Noticed Robin
  3525 | D:4      | Killed Robin
  3526 | D:4      | Reached XP level 7. HP: 12/44 MP: 8/8
  4214 | D:5      | Entered Level 5 of the Dungeon
  4261 | D:5      | Reached skill level 8 in Ranged Weapons
  4431 | D:5      | Reached skill level 5 in Fighting
  4439 | D:5      | Slain by an ogre

Illustrated notes

Levels and vault maps discovered:
D:1:      spicycebolla_green_bress_n_ham, layout_loops_cross,
          shapermc_ecumenical_altar_hornbeckon, grunt_decor_arrowhead,
          minmay_ruptured
D:2:      layout_basic, kennysheep_nub
D:3:      minmay_diamond_boxcup, layout_basic, minmay_misc_feat_x,
          kennysheep_generic_room_8
D:4:      layout_rooms, minmay_temple_entry_sparse_star, nrook_campfire,
          chequers_serial_rivers_large_a, nrook_mini_vaults,
          nicolae_underground_beach, uniq_duvessa, uniq_robin
D:5:      cheibrodos_helix_gallery, layout_loops_corners,
          minmay_gold_behind_fungi, serial_bayou_crossing,
          uniq_crazy_yiuf_cottage
Temple:   nicolae_temple_bog_church

Skill      XL: |  1  2  3  4  5  6  7 |
---------------+----------------------+-----
Ranged Weapons | 5 6 7 8 |  8.8
Fighting       | 3 4 5 |  5.2
Dodging        | |  2.1
Stealth        | |  1.0

Action                   |  1- 3 |  4- 6 |  7- 9 || total
-------------------------+-------+-------+-------++-------
 Fire: Shortbow          |   124 |   172 |    59 ||   355
  Use: Potion            |       |     3 |       ||     3
Armor: Leather armour    |    15 |     2 |       ||    17
       Ring mail         |       |    12 |     9 ||    21
Dodge: Dodged            |    43 |    46 |    26 ||   115
Block: Other             |    18 |    21 |    10 ||    49
       Reflection        |       |     5 |       ||     5

Table legend: (Time is in decaauts)
 A = Elapsed time spent in this place.
 B = Non-inter-level travel time spent in this place.
 C = Inter-level travel time spent in this place.
 D = Time resting spent in this place.
 E = Time spent auto-exploring this place.
 F = Levels seen in this place.
 G = Mean time per level.
                   A        B        C        D        E       F      G
               +--------+--------+--------+--------+--------+-----+--------+
         Total |   4395 |   4018 |    377 |    796 |   2455 |   6 |  732.5 |
       Dungeon |   4248 |   3893 |    355 |    796 |   2357 |   5 |  849.6 |
        Temple |    146 |    125 |     21 |      0 |     98 |   1 |  146.0 |
               +--------+--------+--------+--------+--------+-----+--------+

Top non-repeatable levels by time:
     D:2: 1060 daAuts
     D:3: 1049 daAuts
     D:1: 1014 daAuts
     D:4: 906 daAuts
     D:5: 218 daAuts
  Temple: 146 daAuts
